[Event "Titled Tuesday Blitz January 31 Early 2023"]
[White "Mohammed, Dilshad"]
[Black "Mohammad Fahad, Rahman"]
[WhiteFideId "5050421"]
[BlackFideId "10207791"]
[WhiteElo "2103"]
[BlackElo "2396"]
[Result "0-1"]
[Round "01"]
[TimeControl "180+2"]
[Date "2023.01.31"]
[WhiteClock "0:00:02"]
[BlackClock "0:01:07"]

1. Nf3 Nf6 2. c4 c6 3. Nc3 d5 4. e3 g6 5. b3 Bg7 6. Bb2 O-O 7. d4 a6 8. cxd5 Nxd5 9. Bd3 Bg4 10. O-O e5 11. Nxd5 Qxd5 12. e4 Qe6 13. dxe5 Rd8 14. Qe2 Nd7 15. h3 Bxf3 16. Qxf3 Nxe5 17. Bxe5 Qxe5 18. Rad1 b5 19. Rc1 c5 20. Rfd1 Rd4 21. Bf1 Rad8 22. Rxd4 Rxd4 23. a4 bxa4 24. bxa4 Rxa4 25. Bc4 Bf6 26. Bxf7+ Kg7 27. Bd5 Ra1 28. Rxa1 Qxa1+ 29. Kh2 Qd4 30. g3 c4 31. Qe2 c3 32. Kg2 Qc5 33. Bb3 a5 34. f4 Qb4 35. Bc2 a4 36. e5 Be7 37. f5 gxf5 38. Bxf5 Qd4 39. Qh5 Qd2+ 40. Kf1 Qh6 41. Qg4+ Qg5 42. Qe4 a3 43. Be6 Qc1+ 44. Kg2 Qd2+ 45. Kf3 c2 46. Qg4+ Qg5 47. Qf4 Qxf4+ 48. gxf4 c1=Q 0-1


[Site "https://www.chess.com"]

[Event "Titled Tuesday Blitz January 31 Early 2023"]
[White "Jiganchine, Roman"]
[Black "Fernandez Guillen, Ernesto J."]
[WhiteFideId "2603667"]
[BlackFideId "3512428"]
[WhiteElo "2205"]
[BlackElo "2477"]
[Result "0-1"]
[Round "01"]
[TimeControl "180+2"]
[Date "2023.01.31"]
[WhiteClock "0:00:05"]
[BlackClock "0:00:13"]

1. e4 e5 2. Nf3 Nc6 3. Nc3 g6 4. Bb5 Bg7 5. O-O Nge7 6. d3 O-O 7. h3 h6 8. Be3 f5 9. Bc5 d6 10. Ba3 fxe4 11. dxe4 g5 12. Nh2 Ng6 13. Nd5 Kh7 14. Be2 Nd4 15. Bg4 Nh4 16. c3 Ne6 17. g3 Ng6 18. Bf5 c6 19. Ne3 Nc5 20. Bxc5 dxc5 21. Qxd8 Rxd8 22. Rad1 Bxf5 23. Nxf5 h5 24. Nf3 Bf6 25. Nd6 b5 26. Nb7 Rxd1 27. Rxd1 c4 28. Rd7+ Kg8 29. Na5 c5 30. Nb7 Rc8 31. Nd6 Rb8 32. Kf1 a5 33. Nf5 Rb6 34. Nh6+ Kf8 35. Nf5 a4 36. Nd2 a3 37. bxa3 Ra6 38. Nb1 b4 39. Rc7 bxc3 40. Nxc3 Rxa3 41. Nd5 Bd8 42. Rxc5 Rxa2 43. Rxc4 Ba5 44. Rc8+ Kf7 45. Nd6+ Ke6 46. Nf5 Nf4 47. Nxf4+ exf4 48. Rc6+ Ke5 49. Rc4 f3 50. Kg1 Ra1+ 51. Kh2 Rf1 52. Rc2 Be1 53. Ne3 Rxf2+ 54. Rxf2 Bxf2 55. Nd1 Bd4 56. g4 h4 57. Kh1 Kxe4 58. Kh2 Kd3 59. Kh1 Kd2 60. Kh2 Kxd1 0-1


[Site "https://www.chess.com"]

[Event "Titled Tuesday Blitz January 31 Early 2023"]
[White "Moskvin, Anatoly"]
[Black "Abdyzhapar, Asylbek"]
[WhiteFideId "24199990"]
[BlackFideId "13800337"]
[WhiteElo "2189"]
[BlackElo "2293"]
[Result "0-1"]
[Round "01"]
[TimeControl "180+2"]
[Date "2023.01.31"]
[WhiteClock "0:00:03"]
[BlackClock "0:01:07"]

1. e4 d6 2. d4 Nf6 3. Nc3 g6 4. Be3 a6 5. f3 b5 6. Qd2 Bb7 7. h4 h5 8. Nh3 Nbd7 9. Ng5 Nb6 10. a4 b4 11. Nd1 a5 12. b3 Bg7 13. Nb2 O-O 14. O-O-O Nbd7 15. Kb1 c5 16. dxc5 dxc5 17. Bb5 Qc7 18. Bxd7 Rad8 19. Ne6 fxe6 20. Bxe6+ Kh7 21. Qc1 Bxe4 22. Bc4 Bf5 23. Bf4 e5 24. Bg5 e4 25. Bf4 Qb7 26. g4 hxg4 27. h5 Nxh5 28. fxg4 Bxg4 29. Be3 Rxd1 30. Nxd1 Bf3 31. Rh2 Qc7 32. Rh4 Qe5 33. Nb2 Rd8 34. Bf4 Qc3 35. Bf7 Rd1 0-1


[Site "https://www.chess.com"]

[Event "Titled Tuesday Blitz January 31 Early 2023"]
[White "Begmuratov, Khumoyun"]
[Black "Mushini Ajay"]
[WhiteFideId "14210207"]
[BlackFideId "35066188"]
[WhiteElo "2387"]
[BlackElo "2310"]
[Result "1-0"]
[Round "01"]
[TimeControl "180+2"]
[Date "2023.01.31"]
[WhiteClock "0:00:21"]
[BlackClock "0:00:04"]

1. e4 c5 2. Nc3 e6 3. g3 a6 4. Bg2 b5 5. d3 Bb7 6. Nge2 b4 7. Nb1 Nf6 8. O-O d5 9. exd5 Bxd5 10. Nd2 Bxg2 11. Kxg2 Nc6 12. Ne4 Be7 13. Be3 Nxe4 14. dxe4 Qb6 15. c3 a5 16. Qa4 O-O 17. Rfd1 Rfd8 18. cxb4 axb4 19. Rxd8+ Rxd8 20. Rc1 Ne5 21. Qc2 Qb7 22. f3 c4 23. Rd1 Rd3 24. Qc1 Nxf3 25. Kxf3 f5 26. Nf4 Qxe4+ 27. Kf2 Rd6 28. Re1 e5 29. Bc5 Qc6 30. Qxc4+ Kf8 31. Rxe5 1-0


[Site "https://www.chess.com"]

[Event "Titled Tuesday Blitz January 31 Early 2023"]
[White "Liu, Casper"]
[Black "Skliarov, Viktor"]
[WhiteFideId "1454153"]
[BlackFideId "14106736"]
[WhiteElo "2278"]
[BlackElo "2383"]
[Result "0-1"]
[Round "01"]
[TimeControl "180+2"]
[Date "2023.01.31"]
[WhiteClock "0:01:40"]
[BlackClock "0:01:57"]

1. d4 Nf6 2. c4 e6 3. Nc3 Bb4 4. e3 b6 5. Bd3 Bb7 6. Nf3 Ne4 7. Qc2 f5 8. O-O Bxc3 9. bxc3 O-O 10. Nd2 Qh4 11. Nxe4 fxe4 12. Be2 d6 13. Bd2 Nd7 14. f3 exf3 15. Bxf3 Bxf3 16. Rxf3 Rxf3 17. gxf3 Rf8 18. f4 Qg4+ 19. Kh1 Qf3+ 20. Kg1 Rf6 21. Rf1 Qg4+ 22. Kh1 Qe2 23. Qd1 Qxc4 24. e4 Qd3 25. Qf3 Qxd2 26. e5 dxe5 27. dxe5 Nxe5 28. Qa8+ Rf8 29. Qe4 Qd5 0-1


[Site "https://www.chess.com"]

[Event "Titled Tuesday Blitz January 31 Early 2023"]
[White "Xie, Bryan"]
[Black "Milikow, Yoav"]
[WhiteFideId "30941296"]
[BlackFideId "2822237"]
[WhiteElo "2361"]
[BlackElo "2394"]
[Result "0-1"]
[Round "01"]
[TimeControl "180+2"]
[Date "2023.01.31"]
[WhiteClock "0:00:03"]
[BlackClock "0:01:51"]

1. e4 e5 2. Nf3 Nc6 3. Bc4 Nf6 4. d3 Bc5 5. O-O d6 6. c3 a5 7. a4 O-O 8. Nbd2 Be6 9. Bb5 Ba7 10. Qe2 Ne7 11. Ng5 Bg4 12. Ngf3 Ng6 13. h3 Nf4 14. Qe1 Qc8 15. Kh2 Bxh3 16. g3 Ng4+ 17. Kg1 Bxf1 18. Qxf1 Bxf2+ 19. Qxf2 Nxf2 20. gxf4 Nh3+ 0-1


[Site "https://www.chess.com"]

[Event "Titled Tuesday Blitz January 31 Early 2023"]
[White "Agasarov, Benik"]
[Black "Dwilewicz, Katarzyna"]
[WhiteFideId "13314823"]
[BlackFideId "1148486"]
[WhiteElo "2235"]
[BlackElo "2115"]
[Result "1-0"]
[Round "01"]
[TimeControl "180+2"]
[Date "2023.01.31"]
[WhiteClock "0:01:20"]
[BlackClock "0:01:42"]

1. d4 d5 2. c4 e6 3. Nc3 c6 4. e3 Nf6 5. Nf3 Nbd7 6. Bd3 Bd6 7. e4 dxe4 8. Nxe4 Nxe4 9. Bxe4 Nf6 10. Bc2 O-O 11. O-O c5 12. Bg5 h6 13. Bh4 cxd4 14. Qd3 g6 15. Qxd4 Be7 16. Qc3 Nh5 17. Bxe7 Qxe7 18. Rad1 b6 19. Be4 Bb7 20. Bxb7 Qxb7 21. Ne5 Rfd8 22. g3 Ng7 23. Ng4 h5 24. Nf6+ Kf8 25. Qb4+ Qe7 26. Nh7+ Ke8 27. Qb5+ Rd7 28. Rxd7 1-0


[Site "https://www.chess.com"]

[Event "Titled Tuesday Blitz January 31 Early 2023"]
[White "Szpar, Milosz"]
[Black "Lopez Idarraga, Daniel Eduardo"]
[WhiteFideId "1184989"]
[BlackFideId "4405501"]
[WhiteElo "2447"]
[BlackElo "2009"]
[Result "1-0"]
[Round "01"]
[TimeControl "180+2"]
[Date "2023.01.31"]
[WhiteClock "0:00:11"]
[BlackClock "0:00:04"]

1. e4 Nf6 2. e5 Nd5 3. d4 Nb6 4. Nf3 d5 5. Be2 Bf5 6. Nh4 Bg6 7. Nd2 e6 8. Nxg6 hxg6 9. Nf3 c5 10. dxc5 Bxc5 11. Bg5 Be7 12. Be3 Nc6 13. O-O Qc7 14. Bf4 g5 15. Bg3 g4 16. Nd4 Nxe5 17. Nb5 Qb8 18. Qd4 Bf6 19. Qb4 Be7 20. Qc3 Bf6 21. Nc7+ Kd8 22. Nxa8 Nxa8 23. Bxg4 Nxg4 24. Qxf6+ Nxf6 25. Bxb8 Nb6 26. Bxa7 Nc4 27. b3 Nd2 28. Rfe1 Kc7 29. f3 b6 30. Re2 Nde4 31. fxe4 Nxe4 32. c4 Kb7 33. cxd5 exd5 34. Bxb6 Kxb6 35. Rc1 Ra8 36. h3 Kb5 37. g4 Kb4 38. Rc7 Rf8 39. Rec2 g6 40. Rb7+ Ka3 41. Kg2 f5 42. Ra7+ Kb4 43. Ra4+ Kb5 44. Rd4 fxg4 45. Rxd5+ Kb4 46. Rc4+ Ka3 47. Rxe4 gxh3+ 48. Kxh3 Kxa2 49. Rd3 1-0


[Site "https://www.chess.com"]

[Event "Titled Tuesday Blitz January 31 Early 2023"]
[White "Rian, Kapriaga"]
[Black "Csonka, Balazs"]
[WhiteFideId "7103263"]
[BlackFideId "742910"]
[WhiteElo "2089"]
[BlackElo "2496"]
[Result "0-1"]
[Round "01"]
[TimeControl "180+2"]
[Date "2023.01.31"]
[WhiteClock "0:00:01"]
[BlackClock "0:00:02"]

1. d4 Nf6 2. Nf3 e6 3. Bg5 c5 4. e3 h6 5. Bxf6 Qxf6 6. c3 b6 7. Nbd2 Bb7 8. Bd3 g6 9. Qe2 Bg7 10. e4 d6 11. O-O O-O 12. e5 dxe5 13. dxe5 Qe7 14. Be4 Nc6 15. Rfe1 Rad8 16. a4 Nxe5 17. Bxb7 Qxb7 18. Nxe5 Bxe5 19. Qxe5 Rxd2 20. Qf4 Rxb2 21. Qxh6 Qd5 22. Re3 Rd8 23. h4 Qd2 24. Rf1 Rd3 25. h5 Rxe3 26. hxg6 fxg6 27. Qxg6+ Kh8 28. Qh6+ Kg8 29. Qg6+ Kf8 30. Qh6+ Ke8 31. Qg6+ Kd7 32. fxe3 Qxe3+ 33. Kh1 Rf2 34. Rd1+ Rd2 35. Rf1 Qe2 36. Rf7+ Kc6 37. Rf3 Qe1+ 38. Kh2 Qh4+ 39. Rh3 Qf4+ 40. Rg3 Re2 41. Qe8+ Kd5 42. Qd7+ Ke5 43. Qc7+ Ke4 44. Qc6+ Ke5 45. Qc7+ Ke4 46. Qc6+ Kf5 0-1


[Site "https://www.chess.com"]

[Event "Titled Tuesday Blitz January 31 Early 2023"]
[White "Lorenzo De La Riva, Lazaro"]
[Black "Starozhilov, Leonid"]
[WhiteFideId "2268809"]
[BlackFideId "14106752"]
[WhiteElo "2404"]
[BlackElo "2313"]
[Result "0-1"]
[Round "01"]
[TimeControl "180+2"]
[Date "2023.01.31"]
[WhiteClock "0:00:01"]
[BlackClock "0:00:02"]

1. d4 Nf6 2. c4 g6 3. Nc3 d6 4. e4 Bg7 5. h3 O-O 6. Be3 Na6 7. Nge2 c5 8. Qd2 cxd4 9. Nxd4 Nc5 10. f3 Bd7 11. O-O-O a6 12. h4 h5 13. g4 b5 14. gxh5 Nxh5 15. Rg1 bxc4 16. Bxc4 e6 17. Nde2 Na4 18. Qxd6 Nxc3 19. Nxc3 Qc8 20. Bd4 Bh6+ 21. Kb1 Qxc4 22. Qxd7 Rfd8 23. Qa4 Qc7 24. Ne2 Qh2 25. Qc2 Rac8 26. Bc3 Qxh4 27. Rxd8+ Rxd8 28. Rf1 Qh3 29. Rd1 Rc8 30. Nd4 Bg7 31. Qf2 Nf4 32. Rg1 e5 33. Ne2 Nd3 34. Qe3 Nc5 35. Rd1 Ne6 36. Qf2 Qh5 37. Qg2 Qg5 38. Qh2 Qf6 39. Rh1 Qe7 0-1


[Site "https://www.chess.com"]

[Event "Titled Tuesday Blitz January 31 Early 2023"]
[White "Sipila, Vilka"]
[Black "Mrudul Dehankar"]
[WhiteFideId "505455"]
[BlackFideId "25096990"]
[WhiteElo "2427"]
[BlackElo "2030"]
[Result "1/2-1/2"]
[Round "01"]
[TimeControl "180+2"]
[Date "2023.01.31"]
[WhiteClock "0:00:05"]
[BlackClock "0:00:04"]

1. b3 Nf6 2. Bb2 g6 3. Nf3 Bg7 4. g3 b6 5. Bg2 Bb7 6. O-O O-O 7. c4 d6 8. d4 Nbd7 9. Re1 e6 10. Qc2 Qe7 11. Nc3 e5 12. e4 Rfe8 13. d5 a5 14. a3 h6 15. b4 Nh7 16. Nb5 Rec8 17. Bc3 c6 18. dxc6 Rxc6 19. Nd2 Ba6 20. Qd3 Rac8 21. a4 axb4 22. Bxb4 Nc5 23. Qb1 Nf8 24. Nc3 Nfe6 25. Nd5 Qd8 26. a5 bxa5 27. Bxa5 Qe8 28. Nb4 Rb8 29. Qa2 Rcc8 30. Bh3 Bb7 31. Bb6 Ra8 32. Ba7 Rc7 33. Qa5 Bc8 34. Nd5 Rcxa7 35. Qxa7 Rxa7 36. Rxa7 Bd7 37. Rea1 Kh7 38. Ra8 Nd8 39. Nc7 Qe7 40. Bxd7 Qxd7 41. Nd5 Ndb7 42. R1a7 Qc6 43. Rb8 Qd7 44. Nb3 Qg4 45. Rbxb7 Nxb7 46. Rxb7 Qxe4 47. Rxf7 Qb1+ 48. Kg2 Qxb3 49. Rd7 Qxc4 50. Nf6+ Kh8 51. Rd8+ Bf8 52. Nd7 Qc6+ 53. f3 Qc2+ 54. Kg1 Kg7 55. Nxf8 Kf7 56. Rb8 Qc5+ 57. Kg2 Qc2+ 58. Kh3 Qf5+ 59. Kg2 Ke7 60. g4 Qc2+ 61. Kg3 d5 62. Ra8 e4 63. Nxg6+ Kf6 64. Nf4 exf3 65. Nxd5+ Ke5 66. Ne3 Qc7 67. Rf8 Kd4+ 68. Kxf3 Qb7+ 69. Kf2 Qb2+ 70. Kf3 Qb7+ 71. Kf2 Qe7 72. Rf4+ Kd3 73. Rf3 Qh4+ 74. Kg2 Ke2 75. h3 Qe7 76. Nf5 Qb4 77. Ng3+ Kd2 78. Nf1+ Ke1 79. Ng3 Kd2 80. Rf2+ Ke3 81. Rf3+ Kd2 1/2-1/2


[Site "https://www.chess.com"]

[Event "Titled Tuesday Blitz January 31 Early 2023"]
[White "Tan, Zhongyi"]
[Black "Rosenberg, Evan S"]
[WhiteFideId "8603642"]
[BlackFideId "2019299"]
[WhiteElo "2517"]
[BlackElo "1956"]
[Result "1-0"]
[Round "01"]
[TimeControl "180+2"]
[Date "2023.01.31"]
[WhiteClock "0:00:26"]
[BlackClock "0:00:03"]

1. d4 d5 2. c4 e6 3. Nc3 c5 4. cxd5 cxd4 5. Qa4+ Bd7 6. Qxd4 exd5 7. Qxd5 Nf6 8. Qd1 Bc5 9. Nf3 O-O 10. g3 Qb6 11. e3 Bc6 12. Bg2 Rd8 13. Qe2 Ne4 14. O-O Nxc3 15. bxc3 Bb5 16. c4 Ba6 17. Rd1 Nc6 18. Bd2 h6 19. Bc3 Rxd1+ 20. Rxd1 Rd8 21. Rxd8+ Qxd8 22. Nd2 Qb6 23. Bd5 Bb4 24. Qf3 Nd8 25. e4 Bxc3 26. Qxc3 Ne6 27. Nf3 Qb1+ 28. Kg2 Qxa2 29. Ne5 Nc5 30. Bxf7+ Kh7 31. Bg6+ Kg8 32. Qd4 Ne6 33. Bf7+ 1-0


[Site "https://www.chess.com"]

[Event "Titled Tuesday Blitz January 31 Early 2023"]
[White "Malek, Jan"]
[Black "Tsyhanchuk, Stanislav"]
[WhiteFideId "21864080"]
[BlackFideId "13505130"]
[WhiteElo "2370"]
[BlackElo "2273"]
[Result "1-0"]
[Round "01"]
[TimeControl "180+2"]
[Date "2023.01.31"]
[WhiteClock "0:00:50"]
[BlackClock "0:00:59"]

1. c4 Nf6 2. Nf3 c6 3. b3 d5 4. Bb2 e6 5. e3 Bd6 6. Be2 Nbd7 7. O-O O-O 8. Nc3 e5 9. cxd5 cxd5 10. Nb5 Bb8 11. Ba3 Re8 12. Nd6 Bxd6 13. Bxd6 e4 14. Nd4 Ne5 15. Bxe5 Rxe5 16. Qc2 Bd7 17. Rac1 Rc8 18. Qb2 Rg5 19. Rxc8 Qxc8 20. Rc1 Qb8 21. Qc3 h5 22. Qc7 Qe8 23. Qxb7 Bh3 24. Bf1 Qe5 25. Qc7 Qf5 26. Nxf5 1-0


[Site "https://www.chess.com"]

[Event "Titled Tuesday Blitz January 31 Early 2023"]
[White "Prieto Aranguren, Alain"]
[Black "Vlassov, Nikolai"]
[WhiteFideId "2268906"]
[BlackFideId "4103360"]
[WhiteElo "2258"]
[BlackElo "2283"]
[Result "0-1"]
[Round "01"]
[TimeControl "180+2"]
[Date "2023.01.31"]
[WhiteClock "0:01:14"]
[BlackClock "0:01:24"]

1. e4 c5 2. Nf3 d6 3. Bc4 e6 4. O-O Nf6 5. Re1 Be7 6. c3 O-O 7. d4 d5 8. exd5 exd5 9. Bd3 Bg4 10. Bg5 c4 11. Bc2 Nc6 12. Nbd2 h6 13. Bh4 b5 14. Qb1 b4 15. Ne5 Nxe5 16. dxe5 Nd7 17. Bxe7 Qxe7 18. Bf5 Bxf5 19. Qxf5 Nc5 20. Nf3 Nd3 21. Re2 bxc3 22. bxc3 Rab8 23. Nd4 Rb6 24. h3 Rfb8 25. Kh2 a5 26. Re3 Qg5 27. Qxg5 hxg5 28. e6 fxe6 29. Nxe6 g4 30. hxg4 Nxf2 31. Rf3 Nxg4+ 32. Kg3 Ne5 0-1


[Site "https://www.chess.com"]

[Event "Titled Tuesday Blitz January 31 Early 2023"]
[White "Cunha, Lucas Aguiar"]
[Black "Fernandez Siles, Luis"]
[WhiteFideId "2125404"]
[BlackFideId "2209420"]
[WhiteElo "2309"]
[BlackElo "2218"]
[Result "1-0"]
[Round "01"]
[TimeControl "180+2"]
[Date "2023.01.31"]
[WhiteClock "0:00:35"]
[BlackClock "0:00:04"]

1. e4 c5 2. Nf3 Nc6 3. Nc3 g6 4. d4 cxd4 5. Nxd4 Bg7 6. Nb3 Nf6 7. g4 d6 8. g5 Nd7 9. Be3 O-O 10. h4 Nb6 11. h5 Ne5 12. Be2 Nbc4 13. Bc1 b5 14. Nxb5 Bb7 15. f4 Bxe4 16. Rf1 Qb6 17. Nc3 Nxb2 18. Bxb2 Nc4 19. Bxc4 Qe3+ 20. Be2 Bxc3+ 21. Bxc3 Qxc3+ 22. Qd2 Qg3+ 23. Rf2 Rac8 24. c4 Qg1+ 25. Rf1 Qg3+ 26. Kd1 d5 27. c5 a5 28. Qxa5 Ra8 29. Qb4 Rfb8 30. Qd4 Ra3 31. c6 Rc8 32. Qc5 d4 33. Qxa3 d3 34. Qb2 dxe2+ 35. Qxe2 Qc3 36. Qxe4 Rxc6 37. Rc1 Rd6+ 38. Ke2 Qb2+ 39. Rc2 Qa3 40. Rc8+ 1-0


[Site "https://www.chess.com"]

[Event "Titled Tuesday Blitz January 31 Early 2023"]
[White "Levitan, Caleb Levi"]
[Black "Dehtiarov, Roman"]
[WhiteFideId "14332620"]
[BlackFideId "14186640"]
[WhiteElo "2129"]
[BlackElo "2289"]
[Result "0-1"]
[Round "01"]
[TimeControl "180+2"]
[Date "2023.01.31"]
[WhiteClock "0:00:03"]
[BlackClock "0:00:21"]

1. e4 e5 2. Nf3 Nc6 3. Bb5 a6 4. Ba4 Nf6 5. Qe2 b5 6. Bb3 Bc5 7. d3 O-O 8. c3 d6 9. Nbd2 Be6 10. Nf1 Ne7 11. Ng3 Ng6 12. O-O Bb6 13. Be3 c5 14. h3 Qd7 15. Bxe6 fxe6 16. a4 Nf4 17. Qd2 N6h5 18. Nxh5 Nxh5 19. d4 Rxf3 20. gxf3 cxd4 21. cxd4 exd4 22. Bxd4 Bxd4 23. Qxd4 Nf4 24. Qe3 e5 25. Qb3+ Kh8 26. axb5 Qxh3 27. Rxa6 Qg2# 0-1


[Site "https://www.chess.com"]

[Event "Titled Tuesday Blitz January 31 Early 2023"]
[White "Martinez Ramirez, Lennis"]
[Black "Balint, Vilmos"]
[WhiteFideId "3509079"]
[BlackFideId "718050"]
[WhiteElo "2426"]
[BlackElo "2169"]
[Result "1-0"]
[Round "01"]
[TimeControl "180+2"]
[Date "2023.01.31"]
[WhiteClock "0:01:22"]
[BlackClock "0:01:46"]

1. c4 Nf6 2. Nf3 d5 3. cxd5 Nxd5 4. e4 Nb6 5. d4 Bg4 6. Be3 e6 7. Nbd2 Be7 8. h3 Bh5 9. g4 Bg6 10. h4 h6 11. Rc1 N8d7 12. h5 Bh7 13. Bd3 Rc8 14. Nb3 Bb4+ 15. Kf1 a6 16. Nc5 Nf6 17. Nxb7 Qe7 18. g5 Ng4 19. Bf4 hxg5 20. Nxg5 Qf6 21. Qxg4 Qxd4 22. Rh3 Qxb2 23. Rb1 Qc3 24. Bb5+ axb5 25. Rxc3 Bxc3 26. Nxh7 Rxh7 27. Rxb5 Nd7 28. e5 Ra8 29. Qe2 Nb6 30. Qc2 Bd4 31. Qxh7 1-0


[Site "https://www.chess.com"]

[Event "Titled Tuesday Blitz January 31 Early 2023"]
[White "Koellner, Ruben Gideon"]
[Black "Ruiz Aguilar, Pablo Alexander"]
[WhiteFideId "12993093"]
[BlackFideId "4401352"]
[WhiteElo "2426"]
[BlackElo "2161"]
[Result "1-0"]
[Round "01"]
[TimeControl "180+2"]
[Date "2023.01.31"]
[WhiteClock "0:00:40"]
[BlackClock "0:00:04"]

1. d4 d5 2. Nf3 Nf6 3. e3 c6 4. Nbd2 Bg4 5. h3 Bh5 6. g4 Bg6 7. Ne5 e6 8. h4 h6 9. Nxg6 fxg6 10. Bd3 Kf7 11. Qf3 Bd6 12. g5 hxg5 13. hxg5 Rxh1+ 14. Qxh1 Nh5 15. Qf3+ Nf6 16. gxf6 gxf6 17. Qh3 Qg8 18. Nf3 Nd7 19. Bd2 Qg7 20. O-O-O Rh8 21. Qg2 g5 22. Rh1 Rxh1+ 23. Qxh1 g4 24. Qh5+ Ke7 25. Nh4 Nf8 26. e4 dxe4 27. Bxe4 g3 28. fxg3 Qxg3 29. c3 Bf4 30. Nf3 Bxd2+ 31. Nxd2 f5 32. Bf3 Ng6 33. Qh7+ Kf6 34. Qxb7 Nh4 35. Qxc6 1-0


[Site "https://www.chess.com"]

[Event "Titled Tuesday Blitz January 31 Early 2023"]
[White "rikchessmx"]
[Black "Samant Aditya S"]
[BlackFideId "35080580"]
[WhiteElo "2329"]
[BlackElo "2501"]
[Result "0-1"]
[Round "01"]
[TimeControl "180+2"]
[Date "2023.01.31"]
[WhiteClock "0:00:50"]
[BlackClock "0:00:42"]

1. e4 c5 2. Nf3 d6 3. d4 cxd4 4. Nxd4 Nf6 5. Nc3 Nc6 6. Bc4 e6 7. Be3 a6 8. Qe2 Qc7 9. Bb3 Na5 10. O-O-O b5 11. f3 Be7 12. Kb1 O-O 13. g4 Nd7 14. h4 Nc5 15. h5 b4 16. Na4 Bd7 17. h6 g6 18. Nxc5 dxc5 19. Nf5 exf5 20. Bd5 Bb5 21. Qf2 f4 22. Bc1 Rad8 23. g5 Bxg5 24. Rdg1 Bf6 25. Qg2 Bc4 26. Qg4 Bxd5 27. Bxf4 Be5 28. Bxe5 Qxe5 29. exd5 Rxd5 30. f4 Qf6 31. Qf3 Nc4 32. Qxd5 Qxb2# 0-1


[Site "https://www.chess.com"]

[Event "Titled Tuesday Blitz January 31 Early 2023"]
[White "Hoffmann, Asa"]
[Black "Mirzoev, Azer"]
[WhiteFideId "2001470"]
[BlackFideId "13400304"]
[WhiteElo "2185"]
[BlackElo "2416"]
[Result "0-1"]
[Round "01"]
[TimeControl "180+2"]
[Date "2023.01.31"]
[WhiteClock "0:00:16"]
[BlackClock "0:00:08"]

1. d4 Nf6 2. Bg5 d5 3. Nd2 Nbd7 4. e3 h6 5. Bh4 e6 6. f4 c5 7. c3 Bd6 8. Bd3 cxd4 9. cxd4 b6 10. Ngf3 Bb7 11. Ne5 g5 12. fxg5 hxg5 13. Bg3 Bxe5 14. dxe5 Nh5 15. Qf3 Qe7 16. O-O Nxg3 17. Qxg3 O-O-O 18. Nf3 Rdg8 19. Qg4 Kb8 20. Rac1 Nc5 21. Bb1 Ne4 22. Bxe4 dxe4 23. Nd4 Rc8 24. h3 a6 25. Qg3 Bd5 26. b3 Kb7 27. Qf2 Rxc1 28. Rxc1 Rd8 29. Rf1 Rd7 30. Qf6 Qxf6 31. Rxf6 Rc7 32. Kh2 b5 33. Kg3 Kb6 34. Kg4 Rc3 35. Rxf7 Rxe3 36. Rf6 Ka5 37. Nxe6 Re2 38. Nxg5 Rxg2+ 39. Kh4 e3 40. Rf1 Kb4 41. Re1 e2 42. e6 Kc3 43. e7 Bc6 44. Ne6 Kd2 45. Nf4 Kxe1 46. Nxg2+ Kf2 47. Nf4 Ke3 48. Ng2+ Kf3 49. Ne1+ Kf2 50. Nd3+ Ke3 51. Ne1 Kd2 52. Nf3+ Bxf3 53. e8=Q e1=Q+ 54. Qxe1+ Kxe1 55. Kg3 Bd1 56. Kf4 Kd2 57. Ke5 Kc3 58. Kd5 Kb2 59. Kc5 Kxa2 60. b4 Kb3 61. h4 Bh5 0-1


[Site "https://www.chess.com"]

[Event "Titled Tuesday Blitz January 31 Early 2023"]
[White "Domingo Nunez, Ruben"]
[Black "Matveeva, Olga"]
[WhiteFideId "22245570"]
[BlackFideId "24107018"]
[WhiteElo "2416"]
[BlackElo "2128"]
[Result "1-0"]
[Round "01"]
[TimeControl "180+2"]
[Date "2023.01.31"]
[WhiteClock "0:01:40"]
[BlackClock "0:01:02"]

1. e4 e6 2. Nf3 d5 3. Nc3 Nf6 4. e5 Nfd7 5. d4 c5 6. dxc5 Nc6 7. Bf4 Bxc5 8. Bd3 a6 9. h4 b5 10. a3 Bb7 11. Qe2 Qb6 12. h5 h6 13. Rh3 Nd4 14. Nxd4 Bxd4 15. Kf1 Qc7 16. Re1 Nc5 17. Rg3 Kf8 18. Qg4 Nxd3 19. Qxg7+ Ke7 20. Qf6+ Kd7 21. Qxf7+ Kc8 22. Qxe6+ Kb8 23. Rxd3 Ba7 24. Qf6 1-0


[Site "https://www.chess.com"]

[Event "Titled Tuesday Blitz January 31 Early 2023"]
[White "Oro, Faustino"]
[Black "Petrova, Irina"]
[WhiteFideId "20000197"]
[BlackFideId "14124122"]
[WhiteElo "2269"]
[BlackElo "2108"]
[Result "1-0"]
[Round "01"]
[TimeControl "180+2"]
[Date "2023.01.31"]
[WhiteClock "0:00:18"]
[BlackClock "0:00:08"]

1. e4 d6 2. d4 Nf6 3. Nc3 e5 4. Nf3 Nbd7 5. Bc4 Be7 6. O-O c6 7. a4 h6 8. Re1 Qc7 9. a5 g5 10. d5 Nf8 11. a6 Ng6 12. axb7 Bxb7 13. dxc6 Bxc6 14. Nd5 Nxd5 15. Bxd5 Bxd5 16. Qxd5 O-O 17. c3 Rab8 18. Be3 Rb7 19. b4 Rc8 20. Rec1 Qb8 21. Nd2 Bf8 22. Nb3 Rbc7 23. Qd3 Nf4 24. Bxf4 exf4 25. Rc2 Bg7 26. Rac1 Qb6 27. Na5 g4 28. Kf1 f3 29. gxf3 gxf3 30. Qxf3 Qb5+ 31. Kg1 Qg5+ 32. Kh1 Qf6 33. Qxf6 Bxf6 34. c4 Bd4 35. b5 Bb6 36. Nc6 a6 37. Ra2 axb5 38. cxb5 Kh7 39. Rd1 Bc5 40. Kg2 Rb7 41. Ra5 Rcc7 42. Rd5 Kg6 43. Kf3 Kf6 44. Rf5+ Ke6 45. Nd8+ Ke7 46. Nxb7 Rxb7 47. Ke2 Bb6 48. Ra6 Bc5 49. b6 Rxb6 50. Ra7+ Ke6 51. Raxf7 Rb2+ 52. Kf1 Rb1+ 53. Kg2 Bd4 54. Rh7 Rb2 55. Rxh6+ Ke7 56. Rh7+ Ke6 57. h4 Be5 58. h5 Rb8 59. h6 Rg8+ 60. Kf1 Rg6 61. f4 Bc3 62. Rg5 Rf6 63. f5+ Ke5 64. Re7+ Kf4 65. h7 Rf8 66. Rg8 1-0


[Site "https://www.chess.com"]

[Event "Titled Tuesday Blitz January 31 Early 2023"]
[White "Darini, Pouria"]
[Black "Wilson, Elvin"]
[WhiteFideId "12502200"]
[BlackFideId "2014874"]
[WhiteElo "2401"]
[BlackElo "2183"]
[Result "1-0"]
[Round "01"]
[TimeControl "180+2"]
[Date "2023.01.31"]
[WhiteClock "0:00:30"]
[BlackClock "0:00:01"]

1. d4 Nf6 2. c4 e6 3. Nc3 Bb4 4. e3 O-O 5. Ne2 d5 6. a3 Be7 7. cxd5 exd5 8. Nf4 c6 9. Bd3 Na6 10. O-O Nc7 11. Bd2 Ne6 12. Nxe6 Bxe6 13. b4 a5 14. b5 c5 15. dxc5 Bxc5 16. Na4 Bd6 17. Bc3 Ne4 18. Bxe4 dxe4 19. Qd4 f6 20. Qxe4 Qe7 21. Rfd1 Rac8 22. Bxa5 Rc4 23. Rd4 Rxd4 24. exd4 Re8 25. Re1 Qf7 26. Nc5 Bd7 27. Qxb7 Rxe1+ 28. Bxe1 Be8 29. Qxf7+ Kxf7 30. a4 Ke7 31. Bb4 Kd8 32. Nb7+ Kc7 33. Nxd6 Bd7 34. Bc5 Be6 35. a5 Bd5 36. a6 Kb8 37. b6 f5 38. Nb5 1-0


[Site "https://www.chess.com"]

[Event "Titled Tuesday Blitz January 31 Early 2023"]
[White "Kalajzic, Ivan"]
[Black "Souleidis, Georgios"]
[WhiteFideId "14506378"]
[BlackFideId "4206827"]
[WhiteElo "2062"]
[BlackElo "2419"]
[Result "0-1"]
[Round "01"]
[TimeControl "180+2"]
[Date "2023.01.31"]
[WhiteClock "0:00:03"]
[BlackClock "0:00:28"]

1. b3 d5 2. Bb2 Bf5 3. e3 e6 4. Nf3 Nf6 5. d4 c6 6. Bd3 Nbd7 7. Nbd2 Bd6 8. O-O O-O 9. Ne5 Qc7 10. f4 c5 11. Rf3 Rac8 12. Rg3 cxd4 13. Nxd7 Nxd7 14. Bxd4 Bg6 15. h4 e5 16. fxe5 Bxe5 17. Qg4 Bxg3 18. h5 Be5 19. hxg6 hxg6 20. Nf3 Bxd4 21. Nxd4 Ne5 22. Qh4 Nxd3 23. cxd3 Qe5 24. Qh3 Rfe8 25. Re1 Rc3 26. Nf3 Qe6 27. Qxe6 Rxe6 28. Nd4 Re8 29. Nb5 Rc2 30. a4 a6 31. Nd6 Re7 32. e4 Rc6 33. e5 Rxd6 34. d4 Rc6 0-1


[Site "https://www.chess.com"]